 Dungeon Crawl Stone Soup version 0.28-a0-32-g8dfe7f97f6 (webtiles) character file.

Game seed: 11340638659314029561

29869 Sin92 the Blocker (level 13, -1/101 HPs)
             Began as a Demonspawn Fighter on July 27, 2021.
             Was a High Priest of Okawaru.
             Slain by a two-headed ogre (16 damage)
             ... on level 14 of the Dungeon.
             The game lasted 00:26:58 (12910 turns).

Sin92 the Blocker (Demonspawn Fighter)             Turns: 12910, Time: 00:26:59

Health: -1/101     AC: 26    Str: 30    XL:     13   Next: 17%
Magic:  18/18      EV:  9    Int:  9    God:    Okawaru [*****.]
Gold:   725        SH: 14    Dex: 24    Spells: 12/12 levels left

rFire   . . .      SeeInvis .   q - +7 morningstar (venom)
rCold   + . .      Faith    .   c - +0 kite shield
rNeg    . . .      Spirit   .   u - +1 crystal plate armour
rPois   .          Reflect  .   x - +0 helmet
rElec   .          Harm     .   z - +2 cloak
rCorr   .          Rampage  .   r - +0 pair of gloves of Fiset {rC+ Str+3}
Will    .....                   (boots unavailable)
Stlth   ..........              (no amulet)
HPRegen 0.26/turn               a - +6 ring of strength
MPRegen 0.32/turn               l - +6 ring of dexterity

@: very slightly contaminated, slowed, studying Shields, invisible, very slow
A: talons 3, thin skeletal structure 2, spiny 2, magic regeneration
a: Renounce Religion, Heroism, Finesse


You were on level 14 of the Dungeon.
You worshipped Okawaru.
Okawaru was extremely pleased with you.
You visited 2 branches of the dungeon, and saw 13 of its levels.
You also visited: Bailey.

You collected 725 gold pieces.

Inventory:

Hand Weapons
 n - a +3 hand axe of venom
 q - a +7 morningstar of venom (weapon)
Missiles
 i - 9 curare-tipped darts (quivered)
Armour
 c - a +0 kite shield (worn)
 h - a +2 plate armour
 r - the +0 pair of gloves of Fiset (worn) {rC+ Str+3}
   (Okawaru gifted it to you in a bailey)

   Str:       It affects your strength (+3).
   rC:        It protects you from cold.
 u - a +1 crystal plate armour (worn)
 x - a +0 helmet (worn)
 z - a +2 cloak (worn)
Jewellery
 a - a +6 ring of strength (left hand)
 e - a ring of protection from cold
 f - a ring of willpower
 l - a +6 ring of dexterity (right hand)
Wands
 d - a wand of flame (37)
Scrolls
 g - 2 scrolls of fog
 m - a scroll of identify
 w - a scroll of amnesia
Potions
 k - a potion of lignification
 o - a potion of ambrosia
 s - a potion of attraction


   Skills:
 + Level 9.1 Fighting
 + Level 8.7(10.3) Axes
 * Level 9.0(10.4) Maces & Flails
 + Level 8.2 Armour
 + Level 6.8 Dodging
 + Level 9.3 Shields
 + Level 7.8 Invocations


You had 12 spell levels left.
You didn't know any spells.
Your spell library contained the following spells:

 Spells                   Type           Power      Damage    Failure   Level
 Foxfire                  Conj/Fire      0%         2x1d4     100%        1
 Slow                     Hex            0%         N/A       100%        2
 Sublimation of Blood     Necr           0%         N/A       100%        2
 Wereblood                Tmut           0%         N/A       100%        2
 Call Canine Familiar     Summ           0%         N/A       100%        3
 Confusing Touch          Hex            0%         N/A       100%        3
 Conjure Flame            Conj/Fire      0%         6-21      100%        3
 Inner Flame              Hex/Fire       0%         N/A       100%        3
 Portal Projectile        Hex/Tloc       0%         N/A       100%        3
 Vampiric Draining        Necr           0%         2d6       100%        3
 Leda's Liquefaction      Hex/Erth       0%         N/A       100%        4
 Summon Ice Beast         Ice/Summ       0%         N/A       100%        4
 Alistair's Intoxication  Tmut/Pois      0%         N/A       100%        5
 Borgnjor's Vile Clutch   Necr/Erth      0%         N/A       100%        5
 Fireball                 Conj/Fire      0%         3d3       100%        5
 Summon Forest            Summ/Tloc      0%         N/A       100%        5
 Summon Mana Viper        Hex/Summ       0%         N/A       100%        5
 Eringya's Noxious Bog    Tmut/Pois      0%         N/A       100%        6
 Shadow Creatures         Summ           N/A        N/A       100%        6
 Starburst                Conj/Fire      0%         8x6d3     100%        6
 Monstrous Menagerie      Summ           0%         N/A       100%        7
 Summon Hydra             Summ           0%         N/A       100%        7
 Ignition                 Fire           0%         3d3       100%        8


Dungeon Overview and Level Annotations

Branches:
Dungeon (11/15)            Temple (1/1) D:4            Lair (0/6) D:8
    Orc (0/2) D:9          Bailey (visited)

Altars:
Ashenzari
Cheibriados
Dithmenos
Elyvilon
Fedhas
Gozag
Hepliaklqana
Kikubaaqudgha
Makhleb
Nemelex Xobeh
Okawaru
Qazlal
Ru
Sif Muna
Trog
Uskayaw
Vehumet
Wu Jian
Xom
Yredelemnul
Zin
The Shining One
Beogh

Annotations:
D:10 Maggie


Innate Abilities, Weirdness & Mutations

You have claws for feet.
You have a moderately thin skeletal structure. (Dex +4, Stealth++)
You are mostly covered in sharp spines.
You regenerate magic rapidly.


Message History

You sock the vampire!
You destroy the vampire!
Okawaru accepts your kill. You block the freezing wraith's attack.
The freezing wraith barely misses you.
A two-headed ogre comes into view.
It is wielding a +0 giant club and a +0 giant spiked club.
You block the freezing wraith's attack. The freezing wraith hits you.
* * * LOW HITPOINT WARNING * * *
The freezing wraith drains your vigour!
You feel as though you will be slow longer.
Your base Maces & Flails skill increases to level 9!
You hit the freezing wraith but do no damage.
You claw the freezing wraith, but do no damage.
The freezing wraith is moderately damaged.
You block the freezing wraith's attack. x2
You closely miss the freezing wraith. You claw the freezing wraith.
The freezing wraith is moderately damaged.
The freezing wraith is struck by your spines.
The freezing wraith closely misses you. The freezing wraith hits you!
* * * LOW HITPOINT WARNING * * *
The freezing wraith drains your vigour!
You feel as though you will be slow longer.
The freezing wraith hits you but does no damage.
The freezing wraith completely misses you.
You hit the freezing wraith but do no damage.
You claw the freezing wraith, but do no damage.
The freezing wraith is heavily damaged.
You block the freezing wraith's attack. The freezing wraith barely misses you.
You block the freezing wraith's attack.
The freezing wraith hits you but does no damage.
You puncture the freezing wraith! You claw the freezing wraith.
The freezing wraith is severely damaged.
You block the freezing wraith's attack. The freezing wraith closely misses you.
You puncture the freezing wraith! You claw the freezing wraith.
You destroy the freezing wraith!
Okawaru accepts your kill.
The two-headed ogre is struck by your spines.
The two-headed ogre hits you but does no damage.
The two-headed ogre barely misses you.
The two-headed ogre hits you with a +0 giant club!
You die...

#............... .#(...
###............. ....._
................ #.....
#............... .. #..†..
##.............. ... ....
#...............
##.####.####.....##........
#........).......##........
#.(.....)@O).....#.c......
###...).....)............c.
#.....)......>.........cc.c
#..................
##..........#####..
####......## . ##....##
#.....# #....##


You could see a two-headed ogre.

Vanquished Creatures
  Nessos (D:14)
  A boulder beetle (D:11)
  A hydra (D:11)
  A centaur warrior (D:14)
  A two-headed ogre (D:10)
  An ugly thing (D:11)
  A deep elf pyromancer (D:9)
  2 unseen horrors
  A komodo dragon (D:10)
  Psyche (D:8)
  A freezing wraith (D:14)
  3 meliai (D:14)
  3 trolls
  Prince Ribbit (D:6)
  A meliai zombie (D:11)
  3 slime creatures (D:14)
  5 wyverns
  6 yaks (D:10)
  3 vampires
  Grum (D:10)
  A basilisk (D:8)
  3 vampire mosquitoes (D:11)
  7 water moccasins
  16 orc warriors
  5 black bears
  An ice beast (D:8)
  2 sky beasts
  18 centaurs
  3 necrophages
  4 ogres
  6 wolves
  4 kobold brigands
  A bullfrog (D:9)
  10 killer bees (D:9)
  4 wights (D:6)
  An electric eel (D:7)
  A howler monkey (D:7)
  2 centaur zombies
  3 hounds
  Crazy Yiuf (D:7)
  A centaur skeleton (D:6)
  2 jellies
  6 orc priests
  A gnoll shaman (D:9)
  2 iguanas
  9 orc wizards
  A scorpion zombie (D:5)
  2 killer bee zombies
  A hound skeleton (D:5)
  4 gnolls (D:9)
  A howler monkey skeleton (D:7)
  4 adders
  2 worms (D:2)
  4 dart slugs
  59 orcs
  4 ball pythons
  3 bats
  6 endoplasms
  3 giant cockroaches
  7 goblins
  8 hobgoblins
  7 jackals
  4 quokkas
  A frilled lizard (D:1)
  33 kobolds
  6 rats
312 creatures vanquished.

Vanquished Creatures (collateral kills)
  A shadow imp (D:5)
1 creature vanquished.

Vanquished Creatures (others)
  2 orcs (Bailey)
  3 fungi (D:8)
  13 plants (D:8)
18 creatures vanquished.

Grand Total: 331 creatures vanquished

Notes
Turn   | Place    | Note
-------+----------+-------------------------------------------
     0 | D:1      | Sin92 the Demonspawn Fighter began the quest for the Orb.
     0 | D:1      | Reached XP level 1. HP: 18/18 MP: 1/1
   318 | D:1      | Gained mutation: You have sharp toenails. [demonic
                  | ancestry]
   318 | D:1      | Reached XP level 2. HP: 24/24 MP: 2/2
  1159 | D:1      | Upgraded the game from 0.28-a0-21-gf74fda84f9 to
                  | 0.28-a0-32-g8dfe7f97f6
  1220 | D:2      | Reached XP level 3. HP: 28/29 MP: 3/3
  1543 | D:2      | Reached skill level 1 in Dodging
  2026 | D:3      | Gained mutation: You are partially covered in sharp spines.
                  | [demonic ancestry]
  2026 | D:3      | Reached XP level 4. HP: 35/35 MP: 4/4
  2148 | D:3      | Noticed an ogre
  2162 | D:3      | Killed an ogre
  2163 | D:3      | Gained mutation: You have razor-sharp toenails. [demonic
                  | ancestry]
  2163 | D:3      | Reached XP level 5. HP: 41/41 MP: 5/5
  2519 | D:4      | Noticed a black bear
  2527 | D:4      | Killed a black bear
  2528 | D:4      | Reached XP level 6. HP: 32/48 MP: 6/6
  2830 | D:4      | Found a staircase to the Ecumenical Temple.
  3449 | Temple   | Entered the Ecumenical Temple
  3544 | Temple   | Became a worshipper of Warmaster Okawaru
  3667 | D:5      | Entered Level 5 of the Dungeon
  3684 | D:5      | Gained mutation: You have a somewhat thin skeletal
                  | structure. (Dex +2, Stealth+) [demonic ancestry]
  3684 | D:5      | Reached XP level 7. HP: 51/54 MP: 7/7
  3699 | D:5      | Found a broken altar of Ashenzari.
  3699 | D:5      | Found a bloodstained altar of Trog.
  4114 | D:5      | Reached * piety under Okawaru
  5113 | D:6      | Reached skill level 5 in Axes
  5157 | D:6      | Reached XP level 8. HP: 60/61 MP: 8/8
  5302 | D:6      | Reached skill level 5 in Fighting
  5352 | D:6      | Noticed Prince Ribbit
  5373 | D:6      | Killed Prince Ribbit
  5626 | D:6      | Reached skill level 5 in Armour
  5626 | D:6      | Reached skill level 5 in Shields
  5737 | D:6      | Reached ** piety under Okawaru
  5738 | D:6      | Reached skill level 1 in Invocations
  5818 | D:6      | Killed an unseen horror
  5819 | D:6      | Reached skill level 1 in Maces & Flails
  5819 | D:6      | Gained mutation: You are mostly covered in sharp spines.
                  | [demonic ancestry]
  5819 | D:6      | Reached XP level 9. HP: 48/69 MP: 8/10
  6654 | D:7      | Reached *** piety under Okawaru
  7098 | D:7      | Found an ornate altar of the Wu Jian Council.
  7106 | D:7      | Found an opulent altar of Gozag.
  7191 | D:7      | Found a runed translucent door.
  7192 | D:7      | Noticed Crazy Yiuf
  7484 | D:7      | Killed Crazy Yiuf
  7606 | D:8      | Killed an unseen horror
  7715 | D:8      | Gained mutation: You have a moderately thin skeletal
                  | structure. (Dex +4, Stealth++) [demonic ancestry]
  7715 | D:8      | Reached XP level 10. HP: 51/77 MP: 12/12
  7726 | D:8      | Reached **** piety under Okawaru
  7737 | D:8      | Reached skill level 5 in Dodging
  7797 | D:8      | Noticed Psyche
  7802 | D:8      | Killed Psyche
  8312 | D:8      | Found a staircase to the Lair.
  8692 | D:9      | Reached skill level 5 in Invocations
  8808 | D:9      | Found a staircase to the Orcish Mines.
  8850 | D:9      | Reached ***** piety under Okawaru
  9488 | D:9      | Reached skill level 5 in Maces & Flails
  9583 | D:9      | Noticed a deep elf pyromancer
  9589 | D:9      | Killed a deep elf pyromancer
  9589 | D:9      | Received a gift from Okawaru
  9734 | D:10     | Entered Level 10 of the Dungeon
  9740 | D:10     | Gained mutation: You regenerate magic rapidly. [demonic
                  | ancestry]
  9740 | D:10     | Reached XP level 11. HP: 63/84 MP: 15/15
 10164 | D:10     | Noticed a two-headed ogre
 10170 | D:10     | Killed a two-headed ogre
 10406 | D:10     | Noticed Grum
 10411 | D:10     | Killed Grum
 10764 | D:10     | Found a burning altar of Makhleb.
 10764 | D:10     | Noticed Maggie
 10939 | D:11     | Noticed a four-headed hydra
 10944 | D:11     | Killed a four-headed hydra
 11014 | D:11     | Found a flagged portal.
 11021 | D:11     | Noticed a boulder beetle
 11024 | Bailey   | Entered a bailey
 11043 | Bailey   | Identified the +0 pair of gloves of Fiset {rC+ Str+3}
                  | (Okawaru gifted it to you in a bailey)
 11043 | Bailey   | Received a gift from Okawaru
 12330 | D:11     | Killed a boulder beetle
 12499 | D:11     | Noticed a red ugly thing
 12507 | D:11     | Killed a red ugly thing
 12859 | D:11     | You fall into a shaft and drop 3 floors!
 12859 | D:14     | Noticed Nessos
 12859 | D:14     | Noticed a centaur warrior
 12869 | D:14     | Gained mutation: You have claws for feet. [demonic
                  | ancestry]
 12869 | D:14     | Reached XP level 12. HP: 85/92 MP: 13/17
 12873 | D:14     | Reached XP level 13. HP: 93/100 MP: 13/18
 12881 | D:14     | Found a hide-covered altar of Uskayaw.
 12899 | D:14     | Killed Nessos
 12910 | D:14     | Slain by a two-headed ogre

Illustrated notes

Levels and vault maps discovered:
D:1:      amcnicky_arrival_underground_garden, layout_basic
D:2:      layout_rooms
D:3:      layout_rooms
D:4:      layout_basic, minmay_temple_entry_enclosed_plants, st_stairs_10
D:5:      layout_cave_pods, grunt_temple_overflow_open
D:6:      cheibrodos_thug_alley, layout_loops_ring, uniq_prince_ribbit1
D:7:      layout_loops_cross, mainiacjoe_overflow_big_doors, kennysheep_potato,
          uniq_crazy_yiuf_cottage
D:8:      layout_cave_pools, elyvilon_altar_1, minmay_lair_entry_grove,
          nzn_life_drinkers, uniq_psyche
D:9:      layout_roguey, minmay_orc_entry_temple_small
D:10:     layout_cave_pools, nicolae_overflow_hidden_temple, uniq_maggie,
          uniq_grum
D:11:     layout_basic, enter_bailey_2, uniq_urug
D:14:     layout_cave_pools, nicolae_uskayaw_murder_on_the_dancefloor,
          uniq_nessos
Temple:   minmay_temple_bridge_d

Skill      XL: |  1  2  3  4  5  6  7  8  9 10 11 12 13 |
---------------+----------------------------------------+-----
Axes           | 2 3 4 5 6 7 8 |  8.7
Armour         | 3 4 5 6 7 8 |  8.2
Shields        | 3 4 5 6 7 9 |  9.3
Dodging        | 1 2 3 4 5 6 |  6.8
Fighting       | 4 5 6 7 8 9 |  9.1
Invocations    | 1 3 5 7 |  7.8
Maces & Flails | 1 3 5 7 8 9 |  9.0

Action                   |  1- 3 |  4- 6 |  7- 9 | 10-12 | 13-15 || total
-------------------------+-------+-------+-------+-------+-------++-------
Melee: War axe           |   102 |    61 |       |       |       ||   163
       Kick              |    16 |    18 |    81 |   118 |    14 ||   247
       Hand axe          |       |     4 |   131 |       |       ||   135
       Morningstar       |       |       |    50 |   282 |    25 ||   357
Throw: Dart              |       |       |       |     3 |       ||     3
Invok: Heroism           |       |       |     1 |       |       ||     1
       Finesse           |       |       |       |     2 |       ||     2
  Use: Scroll            |     9 |       |     5 |    10 |     1 ||    25
       Potion            |       |     2 |     1 |     5 |     3 ||    11
 Stab: Invisible         |       |       |       |       |     1 ||     1
Armor: Scale mail        |    52 |     5 |       |       |       ||    57
       Plate armour      |       |    42 |   108 |   175 |       ||   325
       Skin              |       |       |       |    10 |       ||    10
       Crystal plate arm |       |       |       |    12 |    30 ||    42
Dodge: Dodged            |    41 |    14 |    42 |   137 |    30 ||   264
Block: Kite shield       |    73 |    46 |   111 |   265 |    45 ||   540

Table legend: (Time is in decaauts)
 A = Elapsed time spent in this place.
 B = Non-inter-level travel time spent in this place.
 C = Inter-level travel time spent in this place.
 D = Time resting spent in this place.
 E = Time spent auto-exploring this place.
 F = Levels seen in this place.
 G = Mean time per level.
                   A        B        C        D        E       F      G
               +--------+--------+--------+--------+--------+-----+--------+
         Total |  13175 |  12778 |    397 |   1287 |   9157 |  14 |  941.1 |
       Dungeon |  11691 |  11392 |    299 |    795 |   8686 |  12 |  974.2 |
        Temple |    165 |     67 |     98 |      0 |     65 |   1 |  165.0 |
        Bailey |   1318 |   1318 |      0 |    492 |    405 |   1 | 1318.0 |
               +--------+--------+--------+--------+--------+-----+--------+

Top non-repeatable levels by time:
     D:5: 1448 daAuts
     D:6: 1431 daAuts
  Bailey: 1318 daAuts
     D:9: 1318 daAuts
     D:1: 1303 daAuts
     D:4: 1125 daAuts
     D:7: 1120 daAuts
     D:8: 1045 daAuts
    D:10: 887 daAuts
    D:11: 778 daAuts
     D:2: 635 daAuts
     D:3: 543 daAuts
  Temple: 165 daAuts
    D:14: 52 daAuts
